[Event "Early-Titled-Tuesday-Blitz-April-02-2024"]
[Site "Chess.com"]
[Date "2024.04.02"]
[Round "1"]
[White "Zq1"]
[Black "kritipatel"]
[Result "1-0"]
[WhiteElo "2607"]
[BlackElo "2250"]
[TimeControl "180+1"]
[EndTime "8:04:53 PDT"]
[Termination "Zq1 won by resignation"]

1. d4 d5 2. c4 e6 3. Nc3 Nf6 4. Nf3 Be7 5. g3 O-O 6. Bg2 dxc4 7. O-O a6 8. Ne5 c5 9. dxc5 Bxc5 10. Nxc4 Qc7 11.
Bf4 Qe7 12. Bd6 Bxd6 13. Qxd6 Qxd6 14. Nxd6 Nc6 15. Na4 Rd8 16. Nb6 Rb8 17. Ndxc8 Rbxc8 18. Nxc8 Rxc8 19. Bxc6 bxc6 20. Rac1 h6 21. Rfd1 c5 22.
Rc4 Kf8 23. Rdc1 Nd7 24. b4 Ke7 25. bxc5 Ne5 26. Ra4 Rc6 27. Rb4 Nd7 28. Rb7 Kd8 29. Rd1 Rc7 30. c6 Rxb7 31. cxb7 Kc7 32. Rxd7+ 1-0

[Event "Early-Titled-Tuesday-Blitz-April-02-2024"]
[Site "Chess.com"]
[Date "2024.04.02"]
[Round "1"]
[White "yuriydovzik"]
[Black "Vasily_IM"]
[Result "1-0"]
[WhiteElo "2123"]
[BlackElo "2552"]
[TimeControl "180+1"]
[EndTime "8:04:53 PDT"]
[Termination "yuriydovzik won by resignation"]

1. b3 e5 2. Bb2 Nc6 3. Nf3 d6 4. d4 exd4 5. Nxd4 Nxd4 6. Qxd4 Nf6 7. c4 Be7 8. Nd2 O-O 9. g3 Be6 10. Bg2 c5 11. Qc3 d5 12. cxd5 Bxd5 13. Ne4 b5 14. Rd1 b4 15. Qe5 Bxe4 16. Rxd8 Bxd8 17. Bxe4 Re8 18. Qxe8+ Nxe8 19. Bxa8 1-0

[Event "Early-Titled-Tuesday-Blitz-April-02-2024"]
[Site "Chess.com"]
[Date "2024.04.02"]
[Round "1"]
[White "Joachim100x"]
[Black "Aural1011"]
[Result "1-0"]
[WhiteElo "2551"]
[BlackElo "1789"]
[TimeControl "180+1"]
[EndTime "8:04:53 PDT"]
[Termination "Joachim100x won by checkmate"]

1. Nc3 d5 2. d4 e6 3. e4 dxe4 4. Nxe4 b6 5. Nf3 Bb7 6. Bd3 Be7 7. Qe2 Nf6 8. Nxf6+ Bxf6 9. Bf4 O-O 10. O-O-O Nd7 11. h4 Qc8 12. Ng5 h6 13. Qg4 Nb8 14. Nh7 Kh8 15.
Nxf6 gxf6 16. Bxh6 Rg8 17. Qh5 Rxg2 18. Bf8+ Kg8 19. Be7 e5 20. Qh7# 1-0

[Event "Early-Titled-Tuesday-Blitz-April-02-2024"]
[Site "Chess.com"]
[Date "2024.04.02"]
[Round "1"]
[White "GnowReopard"]
[Black "Kushch_Nikolai"]
[Result "1-0"]
[WhiteElo "2757"]
[BlackElo "2446"]
[TimeControl "180+1"]
[EndTime "8:04:54 PDT"]
[Termination "GnowReopard won by resignation"]

1. c4 Nf6 2. Nc3 c5 3. g3 e6 4.
Nf3 Be7 5. Bg2 a6 6. O-O Qc7 7. b3 O-O 8. Bb2 d6 9. Rc1 Nbd7 10. e3 Ne5 11. Ne1 Bd7 12. d4 Ng6 13. d5 e5 14. f4 Rfe8 15. f5 Nf8 16. g4 h6 17.
h4 N6h7 18. Nf3 Qd8 19. Qe1 b5 20. Ne4 Nf6 21. Nxf6+ Bxf6 22. e4 Nh7 23. Rc2 Rb8 24. Bc1 bxc4 25. bxc4 Ba4 26. Re2 Rb1 27. Qg3 Be7 28. Be3 Rxf1+ 29. Bxf1 Bd1 30. g5 Bxe2 31. Bxe2 hxg5 32. hxg5 f6 33. g6 Ng5 34. Qh4 Qa5 35.
Bxg5 1-0

[Event "Early-Titled-Tuesday-Blitz-April-02-2024"]
[Site "Chess.com"]
[Date "2024.04.02"]
[Round "1"]
[White "DonCiao"]
[Black "sathvikadiga"]
[Result "0-1"]
[WhiteElo "1998"]
[BlackElo "2560"]
[TimeControl "180+1"]
[EndTime "8:04:56 PDT"]
[Termination "sathvikadiga won by resignation"]

1. c4 Nf6 2. g3 g6 3. Bg2 Bg7 4. Nc3 O-O 5. e4 d6 6. Nge2 e5 7. O-O Nh5 8. d3 f5 9. exf5 gxf5 10.
f4 Nc6 11. Be3 Be6 12. Qd2 Qd7 13. b3 Nd4 14. Rad1 c6 15. Bf2 Rad8 16. Nxd4 exd4 17. Ne2 c5 18. b4 b6 19. b5 d5 20. cxd5 Bxd5 21. Bxd5+ Qxd5 22. Nc1 Rfe8 23. Rde1 Nf6 24.
Rxe8+ Rxe8 25. Re1 Rxe1+ 26. Qxe1 Kf7 27. Qe5 Qxe5 28.
fxe5 Nd7 29. Ne2 Nxe5 30. Nf4 Bh6 31. Nd5 Nxd3 32. a4 Ke6 33. Nc7+ Kd6 34. Ne8+ Kd5 35. Nf6+ Kc4 36. Nxh7 Nxf2 37. Kxf2 Kc3 38. Nf6 d3 39. Nd5+ Kc2 40. h3 d2 0-1

[Event "Early-Titled-Tuesday-Blitz-April-02-2024"]
[Site "Chess.com"]
[Date "2024.04.02"]
[Round "1"]
[White "Tonychess32"]
[Black "LiamPutnam2008"]
[Result "0-1"]
[WhiteElo "2525"]
[BlackElo "2927"]
[TimeControl "180+1"]
[EndTime "8:04:58 PDT"]
[Termination "LiamPutnam2008 won by resignation"]

1. e4 c5 2. Nf3 e6 3. d4 cxd4 4. Nxd4 a6 5. Nc3 Qc7 6. Bd3 Nf6 7. Be3 Nc6 8. Nxc6 bxc6 9. O-O d5 10. exd5 cxd5 11.
h3 Be7 12. a4 O-O 13. a5 Bb7 14. Bb6 Qc6 15. Be2 Nd7 16. Na4 Rac8 17. c3 e5 18.
f3 Nxb6 19. axb6 Bc5+ 20. Nxc5 Qxc5+ 21. Kh1 Qxb6 22. Qd2 Rfd8 23. Ra3 h6 24. Rfa1 d4 25. cxd4 Rxd4 26. Qe3 Qxb2 27. Qxe5 Rd1+ 28. Bxd1 Qxe5 29. Bb3 Bd5 30. Ra5 Rc5 31. Bxd5 Rxa5 32. Rxa5 Qe1+ 0-1

[Event "Early-Titled-Tuesday-Blitz-April-02-2024"]
[Site "Chess.com"]
[Date "2024.04.02"]
[Round "1"]
[White "ViratKohl_i"]
[Black "KuzubovYuriy"]
[Result "0-1"]
[WhiteElo "2514"]
[BlackElo "2905"]
[TimeControl "180+1"]
[EndTime "8:04:59 PDT"]
[Termination "KuzubovYuriy won by resignation"]

1. e4 e6 2. d4 d5 3. Nd2 Nc6 4. Ngf3 Nf6 5. e5 Nd7 6. Bb5 Ncb8 7. c3 b6 8. Qe2 a5 9. O-O Ba6 10. a4 Be7 11. Rd1 c6 12. Bxa6 Nxa6 13. Nf1 c5 14.
Ng3 cxd4 15. Nxd4 Qc7 16. f4 O-O 17. Be3 Nac5 18. Qc2 Rfc8 19. Nf1 Ne4 20. Nd2 Nxd2 21. Rxd2 Nc5 22. Re2 Ne4 23. Rf1 Bc5 24. Kh1 Rab8 25. Nb5 Qe7 26. g3 h6 27. Qd3 Bxe3 28. Qxe3 Qc5 29.
Rd1 Qxe3 30. Rxe3 Nf2+ 0-1

[Event "Early-Titled-Tuesday-Blitz-April-02-2024"]
[Site "Chess.com"]
[Date "2024.04.02"]
[Round "1"]
[White "xasid81"]
[Black "Donskov_AN"]
[Result "1-0"]
[WhiteElo "2657"]
[BlackElo "2356"]
[TimeControl "180+1"]
[EndTime "8:04:59 PDT"]
[Termination "xasid81 won by resignation"]

1. e4 c5 2. Nf3 e6 3. Nc3 a6 4. a4 Nc6 5. Bc4 Nf6 6. d3 d5 7. Bb3 Be7 8. O-O O-O 9. h3 Nd4 10. exd5 Nxb3 11. cxb3 Nxd5 12. d4 Nb4 13. Be3 cxd4 14.
Bxd4 Nc6 15. Be3 Qa5 16. Qe2 Qh5 17. Bb6 Nb4 18. Rfd1 e5 19. Qxe5 Qxe5 20. Nxe5 Be6 21. Nc4 Rac8 22. Rac1 Bxc4 23. bxc4 Rxc4 24. Nd5 Re4 25.
Nxe7+ Rxe7 26. Bc5 Na2 27. Bxe7 Nxc1 28. Bxf8 Ne2+ 29.
Kf1 Nc3 30. bxc3 1-0

[Event "Early-Titled-Tuesday-Blitz-April-02-2024"]
[Site "Chess.com"]
[Date "2024.04.02"]
[Round "1"]
[White "Aalessia"]
[Black "NikitaShnadrygin"]
[Result "0-1"]
[WhiteElo "2386"]
[BlackElo "2683"]
[TimeControl "180+1"]
[EndTime "8:05:00 PDT"]
[Termination "NikitaShnadrygin won by resignation"]

1. Nf3 Nf6 2. b3 d5 3. Bb2 c5 4. e3 a6 5. c4 Nc6 6. cxd5 Nxd5 7. Bc4 b5 8. Be2 Bb7 9. O-O e6 10. d4 cxd4 11. Nxd4 Be7 12. Nc3 Nxd4 13. Qxd4 Bf6 14. Qd2 Nxc3 15. Bxc3 Qxd2 16. Bxd2 Bxa1 17. Rxa1 O-O 18. a4 Bd5 19. g3 Bxb3 20. axb5 axb5 21. Rxa8 Rxa8 22. Bxb5 Bd5 23. f4 Ra2 24. Bc3 Rg2+ 25. Kf1 Rxh2 26. Be2 h5 27. Be1 Rh1+ 28. Kf2 Be4 29.
Bf1 Rh2+ 30. Kg1 Rb2 31. Bh3 Kh7 32. g4 hxg4 33. Bxg4 Rg2+ 0-1

[Event "Early-Titled-Tuesday-Blitz-April-02-2024"]
[Site "Chess.com"]
[Date "2024.04.02"]
[Round "1"]
[White "Skatchkov_V"]
[Black "Heliosis11"]
[Result "1-0"]
[WhiteElo "2662"]
[BlackElo "2359"]
[TimeControl "180+1"]
[EndTime "8:05:05 PDT"]
[Termination "Skatchkov_V won by resignation"]

1. d4 Nf6 2. c4 e6 3. Nf3 b6 4. g3 Ba6 5. b3 Bb4+ 6. Bd2 Be7 7.
Bg2 d5 8. Bc3 O-O 9. O-O c6 10.
Ne5 Bb7 11. Nd2 Nbd7 12. Nxd7 Qxd7 13. e4 dxe4 14. Nxe4 Nxe4 15. Bxe4 Bf6 16. Qf3 Rad8 17. Rad1 Qc7 18. h4 h6 19. Rd2 e5 20. dxe5 Bxe5 21. Rxd8 Rxd8 22. Bxe5 Qxe5 23. Bxc6 Bxc6 24. Qxc6 Qe2 25.
Qc7 Rd2 26. Qb8+ Kh7 27. Qxa7 Rxa2 28. Qxf7 Qd3 29. Re1 Qxb3 30. Qf5+ 1-0

[Event "Early-Titled-Tuesday-Blitz-April-02-2024"]
[Site "Chess.com"]
[Date "2024.04.02"]
[Round "1"]
[White "visa"]
[Black "KATPAH"]
[Result "0-1"]
[WhiteElo "2378"]
[BlackElo "2673"]
[TimeControl "180+1"]
[EndTime "8:05:08 PDT"]
[Termination "KATPAH won by resignation"]

1. Nf3 Nf6 2. b3 g6 3. Bb2 Bg7 4. g3 O-O 5. Bg2 d5 6. c4 dxc4 7. bxc4 c5 8. O-O Nc6 9. Ne5 Nxe5 10. Bxe5 Ne8 11. Bxg7 Nxg7 12. Nc3 Rb8 13. d3 b6 14. Qa4 Qd7 15. Qxd7 Bxd7 16. Nd5 Rfe8 17. a4 Nf5 18. a5 b5 19. Nc7 Red8 20. cxb5 Bxb5 21. Rfc1 Nd4 22. Rxc5 Nxe2+ 23. Kh1 Bxd3 24. Nd5 Rd7 25. Re1 Rb5 26. Rc8+ Kg7 27. Nc7 Rb1 28. Ne8+ Kh6 29. Rxb1 Bxb1 30. a6 Rd1+ 31. Bf1 Be4+ 0-1

[Event "Early-Titled-Tuesday-Blitz-April-02-2024"]
[Site "Chess.com"]
[Date "2024.04.02"]
[Round "1"]
[White "chessdjw"]
[Black "Aisen1011"]
[Result "1-0"]
[WhiteElo "2788"]
[BlackElo "2461"]
[TimeControl "180+1"]
[EndTime "8:05:10 PDT"]
[Termination "chessdjw won by checkmate"]

1. Nf3 d5 2. d4 Nf6 3. c4 c6 4.
g3 a6 5. Bg2 b5 6. cxd5 cxd5 7.
O-O Bf5 8. a4 b4 9. Nbd2 h6 10.
Nb3 e6 11. Bf4 Nbd7 12. Rc1 Rc8 13. Rxc8 Qxc8 14. Qc1 Qc2 15. Na5 b3 16. Nxb3 Qxb3 17. Qc8+ Ke7 18. Bc7 Ne8 19. Qd8# 1-0

[Event "Early-Titled-Tuesday-Blitz-April-02-2024"]
[Site "Chess.com"]
[Date "2024.04.02"]
[Round "1"]
[White "Zavgorodniy_Sergiy"]
[Black "Aleksandar-Topalov"]
[Result "1-0"]
[WhiteElo "2654"]
[BlackElo "2348"]
[TimeControl "180+1"]
[EndTime "8:05:10 PDT"]
[Termination "Zavgorodniy_Sergiy won by resignation"]

1. d4 e6 2. c4 f5 3. Nf3 Nf6 4. g3 Be7 5. Bg2 O-O 6. O-O d6 7.
Nc3 Ne4 8. Nxe4 fxe4 9. Nd2 d5 10. f3 Nc6 11. e3 Bg5 12. Qe2 Nb4 13. fxe4 Nc2 14.
Rb1 Nxe3 15. Rxf8+ Qxf8 16. Nf3 Nxg2 17. Bxg5 h6 18.
Bd2 dxe4 19. Qxe4 Bd7 20. Ne5 1-0

[Event "Early-Titled-Tuesday-Blitz-April-02-2024"]
[Site "Chess.com"]
[Date "2024.04.02"]
[Round "1"]
[White "jumpingknight20"]
[Black "TheoSlade"]
[Result "1/2-1/2"]
[WhiteElo "2680"]
[BlackElo "2404"]
[TimeControl "180+1"]
[EndTime "8:05:13 PDT"]
[Termination "Game drawn by repetition"]

1. b3 e5 2. Bb2 Nc6 3. e3 d6 4.
d4 exd4 5. exd4 d5 6. Nf3 Nf6 7. Bb5 Bd6 8. O-O O-O 9. Ne5 Bd7 10. Nxd7 Qxd7 11. Nd2 Rfe8 12. a3 Ne4 13. Nxe4 Rxe4 14. Bd3 Rh4 15. h3 Rxh3 16. gxh3 Qxh3 17. Bxh7+ Kh8 18.
f4 Qg3+ 19. Kh1 Qh3+ 20. Kg1 Bxf4 21. Rxf4 Qg3+ 22. Kh1 Qh3+ 23. Kg1 Qg3+ 24. Kh1 Qh3+ 25.
Kg1 1/2-1/2

[Event "Early-Titled-Tuesday-Blitz-April-02-2024"]
[Site "Chess.com"]
[Date "2024.04.02"]
[Round "1"]
[White "maciek_92"]
[Black "Zorbos"]
[Result "1-0"]
[WhiteElo "2847"]
[BlackElo "2494"]
[TimeControl "180+1"]
[EndTime "8:05:14 PDT"]
[Termination "maciek_92 won by checkmate"]

1. c4 e5 2. Nc3 Nf6 3. g3 c6 4. Nf3 e4 5. Nd4 d5 6. cxd5 cxd5 7. d3 exd3 8. Qxd3 Nc6 9. Bg2 Be7 10. O-O O-O 11.
Bf4 Nxd4 12. Qxd4 Be6 13. Rfd1 Rc8 14. Nxd5 Nxd5 15. Bxd5 Bc5 16. Qe4 Bxd5 17. Rxd5 Qb6 18. e3 Rfe8 19. Qf3 Qxb2 20. Rad1 Qxa2 21. h4 b5 22. h5 b4 23. h6 g6 24. Be5 Rxe5 25.
Rxe5 Bf8 26. Red5 b3 27. Qf6 b2 28. Rd8 b1=Q 29. Qg7# 1-0

[Event "Early-Titled-Tuesday-Blitz-April-02-2024"]
[Site "Chess.com"]
[Date "2024.04.02"]
[Round "1"]
[White "tk22h"]
[Black "MarkusRagger"]
[Result "0-1"]
[WhiteElo "2401"]
[BlackElo "2714"]
[TimeControl "180+1"]
[EndTime "8:05:16 PDT"]
[Termination "MarkusRagger won by resignation"]

1. c4 e5 2. Nc3 Be7 3. Nf3 d6 4. d4 exd4 5. Nxd4 Nc6 6. Nxc6 bxc6 7. g3 Bf6 8. Qc2 Ne7 9. Bg2 O-O 10. O-O Rb8 11. b3 Bf5 12. Qd2 Qd7 13. Bb2 Bh3 14.
Ne4 Bxb2 15. Qxb2 Bxg2 16. Kxg2 c5 17. Kg1 Qe6 18. Nc3 Qxc4 19. Rac1 Qe6 20. Qd2 Rb4 21. e3 h5 22. Ne2 h4 23. Nf4 Qf5 24. Rfd1 g5 25. Nd5 Nxd5 26. Qxd5 Qxd5 27. Rxd5 f6 28. Kg2 Kf7 29. f3 Ke6 30. e4 Rh8 31. g4 a5 32. Rd3 Rhb8 33. h3 a4 34. Rcc3 axb3 35. axb3 Ra8 36. Kf2 Ra2+ 37. Ke3 Rh2 38. Rd1 Rxh3 39. Ra1 Rh2 40. Ra7 Kd7 41. Ra8 Rb2 42. Rf8 Ke7 43. Rc8 Kd7 44. Rf8 R4xb3 45.
Kd3 Ke7 46. Rc8 Rxc3+ 47. Kxc3 Rf2 48. Rxc7+ Ke6 0-1

[Event "Early-Titled-Tuesday-Blitz-April-02-2024"]
[Site "Chess.com"]
[Date "2024.04.02"]
[Round "1"]
[White "Khromkin"]
[Black "TitarovVasiliYouTube"]
[Result "0-1"]
[WhiteElo "2324"]
[BlackElo "2635"]
[TimeControl "180+1"]
[EndTime "8:05:16 PDT"]
[Termination "TitarovVasiliYouTube won on time"]

1. d4 d6 2. c4 Nf6 3. Nf3 Bf5 4. Qb3 Qc8 5. g3 c6 6. Bg2 Nbd7 7. Nc3 Ne4 8. Nh4 Ndf6 9. Nxf5 Qxf5 10. Nxe4 Nxe4 11.
f3 Nf6 12. Qxb7 Rc8 13. e4 Qd7 14. Qxd7+ Kxd7 15. O-O e6 16. Be3 a5 17. e5 Ne8 18.
exd6 Nxd6 19. b3 Nf5 20. Bf2 Ba3 21. Rad1 a4 22. d5 cxd5 23. cxd5 axb3 24. dxe6+ Kxe6 25. axb3 Bc5 26. Bh3 Kf6 0-1

[Event "Early-Titled-Tuesday-Blitz-April-02-2024"]
[Site "Chess.com"]
[Date "2024.04.02"]
[Round "1"]
[White "enriquebutti"]
[Black "vladgoncharov"]
[Result "0-1"]
[WhiteElo "2187"]
[BlackElo "2587"]
[TimeControl "180+1"]
[EndTime "8:05:19 PDT"]
[Termination "vladgoncharov won by resignation"]

1. d4 Nf6 2. c4 e6 3. Nf3 c5 4. e3 cxd4 5. exd4 d5 6. Nc3 Bb4 7. cxd5 Nxd5 8. Bd2 O-O 9. Bd3 Nf6 10. O-O b6 11.
Bg5 Nbd7 12. Re1 Bb7 13. Ne5 Be7 14. Re3 g6 15. Bh6 Re8 16. Rg3 Nxe5 17. dxe5 Nd7 18.
Qh5 Nf8 19. Bf4 Qxd3 0-1

[Event "Early-Titled-Tuesday-Blitz-April-02-2024"]
[Site "Chess.com"]
[Date "2024.04.02"]
[Round "1"]
[White "IshviAggarwal"]
[Black "GM4life"]
[Result "0-1"]
[WhiteElo "2168"]
[BlackElo "2576"]
[TimeControl "180+1"]
[EndTime "8:05:23 PDT"]
[Termination "GM4life won by resignation"]

1. Nf3 c6 2. g3 d5 3. Bg2 Bf5 4. O-O h6 5. d3 e6 6. Nbd2 Bh7 7. e4 Nf6 8. c3 Be7 9. h4 dxe4 10. dxe4 Nxe4 11. Ne5 Nxd2 12. Bxd2 Nd7 13. Nc4 Nb6 14. Nxb6 axb6 15. Qb3 Qxd2 16. Qxb6 Qd7 17. Rfd1 Qc8 18. a4 O-O 19. a5 Rd8 20. b4 Ra6 21.
Qe3 Qc7 22. Bf1 Raa8 23. Bc4 Bf5 24. Kg2 Bf6 25. f3 Rxd1 26. Rxd1 Rd8 27. Re1 Bg6 28. Kh3 Qd6 29. g4 Bxh4 0-1

[Event "Early-Titled-Tuesday-Blitz-April-02-2024"]
[Site "Chess.com"]
[Date "2024.04.02"]
[Round "1"]
[White "YaWaleriy"]
[Black "Saxar85"]
[Result "0-1"]
[WhiteElo "2421"]
[BlackElo "2734"]
[TimeControl "180+1"]
[EndTime "8:05:24 PDT"]
[Termination "Saxar85 won by resignation"]

1. e4 e5 2. Nf3 Nc6 3. Bb5 a6 4. Ba4 Nf6 5. d3 d6 6. O-O g6 7. c3 Bg7 8. Nbd2 O-O 9. Re1 Bd7 10.
Nf1 Nh5 11. Bg5 f6 12. Bh4 Nf4 13. d4 g5 14. Bg3 Kh8 15. Ne3 b5 16. Bb3 Ne7 17.
a4 h6 18. Qd2 Bc6 19. axb5 axb5 20. d5 Bd7 21. c4 bxc4 22. Bxc4 f5 23. exf5 Nxf5 24.
Nxf5 Bxf5 25. Bd3 Nxd3 0-1

[Event "Early-Titled-Tuesday-Blitz-April-02-2024"]
[Site "Chess.com"]
[Date "2024.04.02"]
[Round "1"]
[White "MikeWizard"]
[Black "ExtremeLearner"]
[Result "0-1"]
[WhiteElo "2171"]
[BlackElo "2579"]
[TimeControl "180+1"]
[EndTime "8:05:25 PDT"]
[Termination "ExtremeLearner won by resignation"]

1. d4 Nf6 2. c4 e6 3. Nf3 d5 4. g3 Bb4+ 5. Bd2 a5 6. Bg2 O-O 7. Qb3 c5 8. O-O Nc6 9. dxc5 d4 10. Bxb4 axb4 11. Nbd2 e5 12. Ng5 Nd7 13. Nge4 f5 14.
a3 fxe4 15. Nxe4 bxa3 16. bxa3 Qe7 17. Nd6 Nxc5 18. Nxc8 Rfxc8 19. Qc2 e4 20. Rfd1 Rf8 21. e3 d3 22. Qc3 Qf7 23. Rd2 Ra4 24. Rc1 Na5 25. Qd4 Rxc4 26. Rxc4 Qxc4 27. Qd6 Qc1+ 0-1

[Event "Early-Titled-Tuesday-Blitz-April-02-2024"]
[Site "Chess.com"]
[Date "2024.04.02"]
[Round "1"]
[White "atalz0"]
[Black "Boundless_Strike"]
[Result "0-1"]
[WhiteElo "2369"]
[BlackElo "2668"]
[TimeControl "180+1"]
[EndTime "8:05:26 PDT"]
[Termination "Boundless_Strike won by resignation"]

1. d4 e5 2. dxe5 d6 3. Bf4 Nc6 4. Nf3 Bg4 5. Nbd2 dxe5 6. Nxe5 Qf6 7. Nd3 O-O-O 8. f3 Bh5 9. Ne4 Rxd3 10. Nxf6 Rxd1+ 11. Rxd1 Nxf6 12. g4 Bg6 13. g5 Nh5 14. Bh3+ Kb8 15.
Be3 Bd6 16. Kf2 Bxc2 17. Rd2 Bg6 18. a3 a6 19. b4 Re8 20. Bd7 Rxe3 21. Kxe3 Bf4+ 22.
Kf2 Bxd2 0-1

[Event "Early-Titled-Tuesday-Blitz-April-02-2024"]
[Site "Chess.com"]
[Date "2024.04.02"]
[Round "1"]
[White "Ordekalog"]
[Black "ilya2700"]
[Result "1-0"]
[WhiteElo "2637"]
[BlackElo "2325"]
[TimeControl "180+1"]
[EndTime "8:05:26 PDT"]
[Termination "Ordekalog won by resignation"]

1. e4 c5 2. d3 e6 3. g3 d5 4.
exd5 exd5 5. Bg2 Nf6 6. Nf3 Nc6 7. O-O Bd6 8. Re1+ Be6 9. Ng5 O-O 10. Rxe6 fxe6 11. Nxe6 Qd7 12. Nxf8 Rxf8 13. Nc3 Bc7 14. Bg5 Bb6 15. Bxf6 Rxf6 16. Nxd5 Rf7 17. c3 h6 18. Qe2 Qf5 19. Re1 c4 20. d4 Bd8 21. Ne3 Qb5 22. Nxc4 Re7 23. Ne3 Qa5 24. b4 Qa3 25. Qc4+ Kh8 26. Qb3 Qa6 27. b5 1-0

[Event "Early-Titled-Tuesday-Blitz-April-02-2024"]
[Site "Chess.com"]
[Date "2024.04.02"]
[Round "1"]
[White "Payyappat"]
[Black "rezamahdavi2008"]
[Result "1-0"]
[WhiteElo "2531"]
[BlackElo "2890"]
[TimeControl "180+1"]
[EndTime "8:05:27 PDT"]
[Termination "Payyappat won by resignation"]

1. e4 c5 2. Nf3 d6 3. d4 cxd4 4. Nxd4 Nf6 5. Nc3 a6 6. h4 e5 7. Nb3 Be7 8. Bg5 Be6 9. Bxf6 Bxf6 10. g3 Qd7 11. Qd2 b5 12. O-O-O Be7 13. f4 Nc6 14. f5 Bxb3 15. axb3 Nd4 16. Nd5 O-O 17. Kb1 Bd8 18. g4 a5 19. g5 b4 20. g6 a4 21. Qxb4 axb3 22. Rxd4 bxc2+ 23. Kxc2 exd4 24. gxf7+ Kh8 25. Bc4 Rc8 26. Kd3 Qxf7 27. Nf4 Qa7 28. h5 Rb8 29. Ng6+ 1-0

[Event "Early-Titled-Tuesday-Blitz-April-02-2024"]
[Site "Chess.com"]
[Date "2024.04.02"]
[Round "1"]
[White "MagnusCarlsen"]
[Black "lupta_robin"]
[Result "1-0"]
[WhiteElo "3236"]
[BlackElo "2551"]
[TimeControl "180+1"]
[EndTime "8:05:30 PDT"]
[Termination "MagnusCarlsen won by resignation"]

1. c4 e5 2. Nc3 Bb4 3. g4 Bxc3 4. dxc3 d6 5. Bg2 Nc6 6. h3 f5 7. c5 Nge7 8. Nf3 fxg4 9. hxg4 Bxg4 10. Qb3 Qd7 11. Ng5 d5 12. f3 Be6 13. Nxe6 Qxe6 14. Bh3 Qf7 15. Qxb7 O-O 16. Qxc7 d4 17. Qd6 Kh8 18.
Be6 Qg6 19. Bg4 Qf7 20. Qe6 Qxe6 21. Bxe6 dxc3 22. bxc3 Rf6 23. Bb3 h6 24. Bg5 Rg6 25. Be3 Nf5 26. Bc2 Rf6 27. Bxf5 Rxf5 28. Bxh6 Kg8 29.
Rg1 Rf7 30. Rd1 Rc8 31. Be3 Na5 32. Rg4 Nb7 33. Rd5 Re7 34. Re4 Rce8 35. c6 Nd8 36. Bg5 1-0

[Event "Early-Titled-Tuesday-Blitz-April-02-2024"]
[Site "Chess.com"]
[Date "2024.04.02"]
[Round "1"]
[White "zubridis"]
[Black "Anton_Demchenko"]
[Result "0-1"]
[WhiteElo "2534"]
[BlackElo "2986"]
[TimeControl "180+1"]
[EndTime "8:05:32 PDT"]
[Termination "Anton_Demchenko won on time"]

1. Nf3 Nf6 2. c4 d6 3. Nc3 Nc6 4. d4 e5 5. dxe5 dxe5 6. Qxd8+ Kxd8 7. h3 Be6 8. Ng5 Bxc4 9. b3 Bb4 10. Bd2 h6 11. e4 hxg5 12. Bxc4 Bxc3 13. Bxc3 Nxe4 14. Bb2 f6 15. O-O-O+ Ke7 16. Ba3+ Nd6 17. Rd5 a5 18. Rc5 Rhc8 19. Bd5 Nb4 20. Kb1 b6 21. Bxa8 bxc5 22. Bf3 Nb5 23. Bb2 Nd4 24. Bg4 Rb8 0-1

[Event "Early-Titled-Tuesday-Blitz-April-02-2024"]
[Site "Chess.com"]
[Date "2024.04.02"]
[Round "1"]
[White "Tugrik1969"]
[Black "Polish_fighter3000"]
[Result "0-1"]
[WhiteElo "2549"]
[BlackElo "3140"]
[TimeControl "180+1"]
[EndTime "8:05:33 PDT"]
[Termination "Polish_fighter3000 won by resignation"]

1. d4 f5 2. g3 Nf6 3. Bg2 g6 4. Nf3 Bg7 5. O-O O-O 6. c4 d6 7. Nc3 Qe8 8. Re1 e5 9. dxe5 dxe5 10. e4 f4 11. gxf4 Nc6 12. Nd5 Rf7 13. Nxe5 Nxe5 14. fxe5 Qxe5 15. f4 Qe8 16. e5 Nh5 17. e6 Bxe6 18. f5 Bxf5 19. Rxe8+ Rxe8 20. Ne3 Be4 21. Bxe4 Rxe4 22. Qd8+ Bf8 23. Bd2 Nf4 24. Rf1 Rd4 25. Nd5 Ne6 26. Qe8 Rg4+ 0-1

[Event "Early-Titled-Tuesday-Blitz-April-02-2024"]
[Site "Chess.com"]
[Date "2024.04.02"]
[Round "1"]
[White "rhwr"]
[Black "sonicdravise"]
[Result "0-1"]
[WhiteElo "2253"]
[BlackElo "2608"]
[TimeControl "180+1"]
[EndTime "8:05:33 PDT"]
[Termination "sonicdravise won by checkmate"]

1. e4 g6 2. d4 Bg7 3. Nc3 d6 4. f3 a6 5. Be3 b5 6. Qd2 Nd7 7.
h4 h5 8. Nh3 Ngf6 9. Ng5 Nb6 10. O-O-O b4 11. Nb1 a5 12. d5 Ba6 13.
Bxb6 cxb6 14. Bxa6 Rxa6 15. Qd3 Ra8 16. Qb5+ Qd7 17.
Qxd7+ Nxd7 18. Nd2 O-O 19. Kb1 b5 20. Nf1 Rfc8 21. Ne3 Ne5 22. f4 Nc4 23. Nxc4 Rxc4 24. b3 Rc3 25. Rh3 Rc5 26. Re3 Rac8 27. Re2 Bc3 28.
e5 dxe5 29. fxe5 Rd8 30. e6 f6 31. Ne4 Rcxd5 32. Rxd5 Rxd5 33. Nxc3 bxc3 34. a3 Rd1+ 35. Ka2 Rd2 36. Re3 Rxc2+ 37. Kb1 Rb2+ 38. Kc1 Rxb3 39. a4 b4 40. Rd3 Ra3 41. Rd7 b3 42. Rxe7 Ra1# 0-1

[Event "Early-Titled-Tuesday-Blitz-April-02-2024"]
[Site "Chess.com"]
[Date "2024.04.02"]
[Round "1"]
[White "Meri-Arabidze"]
[Black "SharathRk6"]
[Result "1-0"]
[WhiteElo "2685"]
[BlackElo "2390"]
[TimeControl "180+1"]
[EndTime "8:05:35 PDT"]
[Termination "Meri-Arabidze won by resignation"]

1. d4 Nf6 2. Nf3 d5 3. c4 e6 4.
g3 Be7 5. Bg2 O-O 6. O-O dxc4 7.
Qc2 a6 8. a4 Bd7 9. Rd1 Bc6 10.
Nc3 Bxf3 11. Bxf3 Nc6 12. Bxc6 bxc6 13. a5 Rb8 14. Ra4 Rb4 15. Na2 Rxa4 16. Qxa4 Qd7 17. Qxc4 c5 18. Qxa6 cxd4 19. Qc4 c5 20. Bg5 Qd5 21.
Qxd5 Nxd5 22. Bxe7 Nxe7 23. Rc1 Rc8 24. Rc4 Rb8 25. Rxc5 Rxb2 26. Nc1 g6 27. Kg2 Nd5 28. a6 Ra2 29. Nxa2 1-0

[Event "Early-Titled-Tuesday-Blitz-April-02-2024"]
[Site "Chess.com"]
[Date "2024.04.02"]
[Round "1"]
[White "trriinu"]
[Black "tetrix83"]
[Result "0-1"]
[WhiteElo "2289"]
[BlackElo "2616"]
[TimeControl "180+1"]
[EndTime "8:05:36 PDT"]
[Termination "tetrix83 won by resignation"]

1. e4 c5 2. Nf3 d6 3. Bb5+ Bd7 4. Bxd7+ Nxd7 5. O-O Ngf6 6. Qe2 e6 7. c3 Be7 8. d4 O-O 9. Rd1 Rc8 10. e5 Nd5 11.
c4 N5b6 12. exd6 Bxd6 13. dxc5 Bxc5 14. Nc3 Bb4 15. Ne5 Bxc3 16. bxc3 Qc7 17. Nxd7 Nxd7 18.
Rd4 Nb6 19. Rg4 f5 20. Qxe6+ Kh8 21. Rh4 Rce8 22. Rxh7+ Kxh7 0-1

[Event "Early-Titled-Tuesday-Blitz-April-02-2024"]
[Site "Chess.com"]
[Date "2024.04.02"]
[Round "1"]
[White "Kratos031"]
[Black "eljanov"]
[Result "0-1"]
[WhiteElo "2503"]
[BlackElo "2880"]
[TimeControl "180+1"]
[EndTime "8:05:37 PDT"]
[Termination "eljanov won by resignation"]

1. d4 d5 2. c4 e6 3. Nc3 Nf6 4.
Nf3 Nbd7 5. Bg5 h6 6. Bxf6 Nxf6 7.
e3 Be7 8. Bd3 O-O 9. O-O c5 10.
cxd5 Nxd5 11. Rc1 Nxc3 12. bxc3 b6 13. Ne5 Bb7 14. Bb1 g6 15. Qg4 h5 16. Qg3 Bh4 17.
Qh3 Bf6 18. f4 cxd4 19. cxd4 Rc8 20. Qg3 Qe7 21. h3 Bg7 22. Qf2 Qa3 23. g4 hxg4 24.
hxg4 Rxc1 0-1